Map: Rovine di Endion

Players

Jhyrachy - Winner!

  • Race: Zerg Zerg
  • League: Silver

kiwi

  • Race: Protoss Protoss
  • League: Gold

VOD

Have the link to the VOD?

Description

Time

  • Played on: April 4, 2016, 11:46 a.m.
  • Length: 11:39
Show
View Real Time Build Order
Export as new Build Order

Jhyrachy Zerg - Winner!

Build Orders: Pool First, Lurkers 

Get SALT Encoding   

  12  0:02  Drone  
  13  0:10  Drone  
  14  0:17  Overlord  
  14  0:35  Drone x2  
  14  0:36  Drone  
  17  1:02  Spawning Pool  
  17  1:04  Drone  
  17  1:07  Extractor  
  16  1:18  Drone  
  17  1:19  Hatchery  
  17  1:21  Drone  
  17  1:34  Drone  
  17  1:36  Overlord  
  18  1:49  Zergling x2  
  18  1:53  Queen  
  21  2:21  Drone x3  
  24  2:31  Lair  
  24  2:48  Queen  
  26  2:52  Spine Crawler  
  26  3:05  Hatchery  
  25  3:07  Drone x3  
  28  3:29  Drone  
  29  3:50  Extractor, Queen  
  29  3:54  Hydralisk Den  
  29  4:02  Overseer  
  29  5:13  Extractor  
  28  5:35  Pneumatized Carapace  
  28  5:39  Drone x3  
  28  5:40  Drone  
  28  5:41  Drone x4  
  28  5:42  Overlord x4  
  36  6:11  Lurker Den  
  36  6:50  Extractor  
  35  6:55  Evolution Chamber  
  35  7:00  Overseer x2  
  34  7:05  Hydralisk x3  
  34  7:06  Hydralisk x10  
  60  7:11  Drone x3  
  60  7:12  Queen  
  65  7:26  Zerg Missile Weapons Level 1  
  65  8:26  Hatchery  
  64  8:51  Muscular Augments  
  64  8:53  Overlord x2  
  64  8:54  Overlord x4  
  64  9:43  Hydralisk  
  64  9:44  Hydralisk x15  
  96  10:14  Drone x9  
  97  10:15  Drone x4  
  109  10:24  Drone x2  
  109  10:25  Drone x3  
  113  10:49  Lurker  
  114  10:50  Lurker x6  
  114  10:53  Lurker  
  114  10:54  Lurker  
  122  10:59  Overlord x4  
Show
View Real Time Build Order
Export as new Build Order

kiwi Protoss 

Build Orders:  

Get SALT Encoding   

  12  0:01  Probe (Chrono Boost)  
  13  0:20  Pylon  
  13  0:25  Probe (Chrono Boost)  
  14  0:42  Forge, Probe (Chrono Boost)  
  15  0:52  Pylon  
  15  1:01  Probe (Chrono Boost)  
  16  1:08  Assimilator  
  16  1:11  Probe (Chrono Boost)  
  16  1:14  Gateway  
  17  1:25  Photon Cannon  
  17  1:28  Probe (Chrono Boost)  
  18  1:35  Pylon  
  18  1:49  Probe (Chrono Boost)  
  19  2:04  Nexus  
  19  2:14  Photon Cannon  
  19  2:22  Photon Cannon  
  19  2:46  Cybernetics Core  
  19  2:48  Pylon  
  19  2:56  Probe (Chrono Boost)  
  20  3:07  Probe (Chrono Boost)  
  20  3:09  Gateway  
  21  3:16  Probe (Chrono Boost)  
  21  3:18  Probe (Chrono Boost)  
  23  3:26  Probe (Chrono Boost)  
  24  3:28  Probe (Chrono Boost)  
  24  3:32  Zealot  
  27  3:37  Assimilator, Probe (Chrono Boost)  
  27  3:39  Probe (Chrono Boost)  
  29  3:47  Probe (Chrono Boost), Pylon  
  30  3:49  Probe (Chrono Boost)  
  31  3:55  Warp Gate (Chrono Boost)  
  31  3:58  Probe x2  
  33  4:07  Robotics Facility  
  33  4:10  Probe  
  34  4:18  Pylon  
  34  4:26  Photon Cannon  
  34  4:27  Photon Cannon  
  34  4:30  Assimilator  
  34  4:31  Probe  
  34  4:32  Probe  
  34  4:37  Sentry  
  38  4:41  Probe  
  38  4:43  Assimilator  
  38  4:45  Probe  
  40  4:52  Probe  
  40  4:57  Probe  
  40  4:59  Pylon  
  42  5:01  Stalker (Chrono Boost)  
  42  5:03  Probe  
  45  5:08  Immortal  
  45  5:10  Probe  
  50  5:21  Probe  
  51  5:22  Probe  
  52  5:29  Gateway  
  52  5:30  Gateway  
  52  5:47  Immortal  
  52  5:48  Probe x2  
  58  6:00  Probe x2  
  58  6:02  Pylon  
  60  6:12  Protoss Ground Weapons Level 1 (Chrono Boost)  
  60  6:13  Mothership Core  
  60  6:16  Probe  
  63  6:19  Stalker x2  
  67  6:26  Observer  
  67  6:28  Probe  
  69  6:49  Observer  
  70  6:54  Sentry x2  
  70  6:56  Stalker x2  
  78  7:14  Gateway  
  78  7:17  Immortal (Chrono Boost), Gateway  
  78  7:21  Pylon  
  82  7:39  Twilight Council  
  82  8:01  Robotics Bay  
  82  8:15  Immortal (Chrono Boost)  
  86  8:27  Robotics Facility  
  86  8:28  Blink (Chrono Boost)  
  86  8:36  Pylon  
  86  8:38  Pylon  
  86  8:40  Pylon  
  86  8:42  Pylon  
  86  8:45  Pylon  
  86  8:48  Pylon  
  86  8:51  Pylon  
  86  8:53  Pylon  
  86  8:55  Pylon  
  86  8:59  Extended Thermal Lance (Chrono Boost)  
  86  9:32  Colossus (Chrono Boost)  
  92  9:39  Colossus (Chrono Boost)  
  92  9:44  Zealot x4  
  92  9:45  Zealot x2  
  110  9:47  Protoss Ground Armor Level 1 (Chrono Boost)  
  110  10:09  Nexus  
  110  10:10  Stalker x5  
  110  10:11  Stalker  
  122  10:22  Colossus  
  128  10:29  Colossus  
  134  10:47  Nexus  
  134  10:52  Pylon  
  134  10:57  Pylon  
  134  10:58  Pylon  
  134  11:03  Pylon  
  134  11:04  Probe x2, Pylon  
  136  11:05  Pylon  
  136  11:06  Pylon  
  136  11:09  Assimilator  
  136  11:12  Photon Cannon  
  148  11:26  Stargate  
  148  11:29  Stargate  
Tags
 
Add a new tag
Caveats
  • Supply blocks, unpowered buildings, or Contaminate may cause inaccurate times.
  • Supply counts are checked every 10 seconds.